cohdb
Replays
Latest Replays
All Replays
Popular Replays
Top Player Replays
Match Explorer
How It Works
Community
CoH3 Stats
Reddit
Sign in to upload your games and track your stats! →
Sign in with Steam
Match 45267912
Unlisted
Match 45267912
Overview
Messages
Build Orders
End
Construct Section Command Post
Royal Engineer Section
Selects Heavy Armor Battlegroup
Dingo Light Scout Car
Infantry Section
Grenade Package
Selects Rigorous Vehicle Training
Construct Field Infirmary
Infantry Section
Construct Platoon Command Post
CMP 15cwt Truck
Forward Retreat Point
Unlock M3 Stuart Light Tanks
M3 Stuart Light Tank
Infantry Section
🍊 L'Orange Décérébrée🍊
XYZ
Shaka
CaptainTaco
Daghito
Adam Kadmon
Stratego
Giovanni
0
0
Comments
sign in to comment!
No comments posted yet!